 Dungeon Crawl Stone Soup version 0.31-a0-193-gdfe2569204 (webtiles) character file.

Game seed: 12951283481139639662

114 qw the Skirmisher (level 4, -3/25 HPs)
             Began as a Deep Elf Hunter on June 24, 2023.
             Slain by Terence
             ... wielding a +2 flail of protection
              (6 damage)
             ... on level 3 of the Dungeon.
             The game lasted 00:00:39 (1423 turns).

qw the Skirmisher (Deep Elf Hunter)                 Turns: 1423, Time: 00:00:40

Health: -3/25      AC:  6    Str: 10    XL:     4   Next: 66%
Magic:  6/6        EV: 11    Int: 14    God:
Gold:   46         SH:  0    Dex: 18    Spells: 3/3 levels left

rFire   . . .        Y - +0 shortbow
rCold   . . .        (shield currently unavailable)
rNeg    . . .        f - +0 ring mail
rPois   .            (no helmet)
rElec   .            (no cloak)
rCorr   .            (no gloves)
SInv    .            c - +0 pair of boots
Will    .....        (no amulet)
Stlth   +            (no ring)
HPRegen 0.24/turn    (no ring)
MPRegen 0.10/turn

%: no passive effects
@: no status effects
A: no striking features
a: no special abilities


You were on level 3 of the Dungeon.
You visited 1 branch of the dungeon, and saw 3 of its levels.

You collected 145 gold pieces.
You spent 99 gold pieces at shops.


   Skills:
 - Level 1.5 Fighting
 + Level 8.1 Ranged Weapons
 - Level 2.4 Dodging
 - Level 1.2 Stealth


You had 3 spell levels left.
You didn't know any spells.
Your spell library was empty.

Inventory:

Hand Weapons
 Y - a +0 shortbow (weapon)
Armour
 c - a +0 pair of boots (worn)
 f - a +0 ring mail (worn)
Scrolls
 a - a scroll of identify
Potions
 b - a potion of enlightenment
 d - 7 potions of curing
 e - a potion of lignification {unknown}
 g - a potion of magic {unknown}
 h - 2 potions of haste {unknown}

Dungeon Overview and Level Annotations

Branches:
Dungeon (3/15)

Altars:

Shops:
D:2 !

Annotations:
D:3 Terence


Message History

The ball python bites you but does no damage.
The ball python constricts you. Terence closely misses you.
You shoot an arrow. The arrow hits the ball python!
You kill the ball python!
The adder bites you. Terence closely misses you.
You shoot an arrow.
The arrow hits Terence but does no damage.
The adder bites you but does no damage. Terence hits you but does no damage.
The adder bites you.
You are poisoned.
The adder poisons you!
You shoot an arrow. The arrow hits Terence.
Terence is moderately wounded.
You feel sick. Terence closely misses you.
The adder bites you but does no damage.
Terence shouts, "Get ready for death!"
Terence misses you.
You shoot an arrow. The arrow hits Terence!
Terence is almost dead.
You feel sick.
The adder bites you but does no damage. x2
Terence hits you but does no damage.
You shoot an arrow. The arrow closely misses Terence.
You feel sick. The adder closely misses you.
Terence hits you with a +2 flail of protection.
You shoot an arrow.
The arrow hits Terence but does no damage.
Terence is almost dead.
You feel sick. The adder barely misses you. Terence barely misses you.
The adder bites you.
You shoot an arrow. The arrow barely misses Terence.
You feel sick.
You are no longer poisoned.
The adder closely misses you.
Terence hits you with a +2 flail of protection.
The adder barely misses you.
You shoot an arrow.
The arrow hits Terence but does no damage.
Terence is almost dead.
Terence hits you with a +2 flail of protection.
You die...

############## #.
............. #.##
#######...........#
......#...#.####.......
#..#.#......<........#
####...###.#.#.###.##..#
.......#...#.#......#..#
......@#.###.#..##..#..#
..!...%@..<..#...#..#..#
#####.S....####..#..#..#
#......# #..#..#..#
#......# #..#..#..#
####+#.# ####..#... .#
..#.## .# .#


You could see Terence and an adder.

Vanquished Creatures
  A hound (D:2)
  4 adders
  2 dart slugs (D:1)
  8 ball pythons
  A bat (D:1)
  3 endoplasms
  5 goblins
  5 hobgoblins
  2 quokkas
  4 frilled lizards
  5 kobolds
  4 rats
44 creatures vanquished.

Notes
Turn   | Place    | Note
-------+----------+-------------------------------------------
     0 | D:1      | qw the Deep Elf Hunter began the quest for the Orb.
     0 | D:1      | Reached XP level 1. HP: 12/12 MP: 3/3
     0 | D:1      | 0 ||| qw: Version: 0.3-a-9-g12657ce
     0 | D:1      | 0 ||| qw: Game counter: 4650
     0 | D:1      | 0 ||| qw: Always use a shield: true
     0 | D:1      | 0 ||| qw: God list: Okawaru
     0 | D:1      | 0 ||| qw: Allow faded altars: false
     0 | D:1      | 0 ||| qw: Do Orc after D:15 true
     0 | D:1      | 0 ||| qw: Do second Lair branch before Depths: true
     0 | D:1      | 0 ||| qw: Lair rune preference: random
     0 | D:1      | 0 ||| qw: Plans: Normal
     0 | D:1      | 0 ||| PLANNING D:1-11
   223 | D:1      | Reached skill level 6 in Ranged Weapons
   223 | D:1      | Reached XP level 2. HP: 16/16 MP: 4/4
   740 | D:1      | 740 ||| UPGRADING to +0 scale mail.
   750 | D:1      | 750 ||| DROPPING +0 leather armour.
   751 | D:1      | 751 ||| UPGRADING to +0 ring mail.
   761 | D:1      | 761 ||| DROPPING +0 scale mail.
   762 | D:1      | 762 ||| READING 3 scrolls labelled UDALE EHUXAFAI.
   763 | D:1      | 763 ||| DROPPING scroll of butterflies.
   804 | D:2      | 804 ||| STAIRDANCE
   807 | D:1      | Reached XP level 3. HP: 17/20 MP: 5/5
   937 | D:2      | Reached skill level 7 in Ranged Weapons
   940 | D:2      | 940 ||| FLEEEEING.
   941 | D:2      | 941 ||| FLEEEEING.
   947 | D:2      | 947 ||| STAIRDANCE
   957 | D:1      | 957 ||| UPGRADING to +0 pair of boots.
   962 | D:1      | 962 ||| READING scroll labelled FERUMUR TICA.
   963 | D:1      | 963 ||| DRINKING 2 white potions.
   964 | D:1      | 964 ||| READING 2 scrolls of identify.
   964 | D:1      | 964 ||| IDENTIFYING blue potion
  1114 | D:2      | Reached XP level 4. HP: 25/25 MP: 6/6
  1281 | D:2      | Found Ikhlauno's Distillery.
  1289 | D:2      | 1289 ||| SHOPLISTING 2 potions of mutation (176 gold, have
                  | 137).
  1289 | D:2      | 1289 ||| BUYING potion of curing (33 gold).
  1289 | D:2      | Bought a potion of curing for 33 gold pieces
  1289 | D:2      | 1289 ||| BUYING potion of curing (33 gold).
  1289 | D:2      | Bought a potion of curing for 33 gold pieces
  1289 | D:2      | 1289 ||| BUYING potion of curing (33 gold).
  1289 | D:2      | Bought a potion of curing for 33 gold pieces
  1289 | D:2      | 1289 ||| SHOPLISTING potion of enlightenment (55 gold, have
                  | 38).
  1289 | D:2      | 1289 ||| SHOPLISTING potion of haste (110 gold, have 38).
  1289 | D:2      | 1289 ||| SHOPLISTING potion of might (44 gold, have 38).
  1395 | D:3      | Reached skill level 8 in Ranged Weapons
  1410 | D:3      | Noticed Terence
  1421 | D:3      | HP: 5/25 [adder (3)]
  1423 | D:3      | Slain by Terence

Levels and vault maps discovered:
D:1:      dpeg_arrival_lava_temple_mockup, layout_basic
D:2:      layout_rooms, serial_shops, shop_statue
D:3:      layout_basic, gammafunk_ghost_nasty_kobolds, supply_closet_lemuel,
          uniq_terence, uniq_ijyb

Skill      XL: |  1  2  3  4 |
---------------+-------------+-----
Ranged Weapons | 6 7 8 |  8.1
Fighting       | |  1.5
Dodging        | |  2.4
Stealth        | |  1.2

Action                     |  1- 3 |  4- 6 || total
---------------------------+-------+-------++-------
   Fire: Shortbow          |   105 |    40 ||   145
    Use: Scroll            |     3 |       ||     3
         Potion            |     1 |       ||     1
 Armour: Leather armour    |     2 |       ||     2
         Ring mail         |     7 |    10 ||    17
  Dodge: Dodged            |    25 |    15 ||    40

Table legend:
 A = Non-vault XP
 B = Vault XP
 C = Vault XP percentage of total XP
 D = Non-vault monster count
 E = Vault monster count
 F = Vault count percentage of total count
                 A         B        C        D         E       F
            +---------+---------+-------+---------+---------+-------
      Total |     163 |       0 |   0.0 |      44 |       0 |   0.0
            +---------+---------+-------+---------+---------+-------
        D:1 |      40 |       0 |   0.0 |      22 |       0 |   0.0
        D:2 |     105 |       0 |   0.0 |      19 |       0 |   0.0
        D:3 |      18 |       0 |   0.0 |       3 |       0 |   0.0
            +---------+---------+-------+---------+---------+-------
